 Seeded DCSS version 0.29.1-2-gbd0b4ee654 (webtiles) character file.

Game seed: 19941 (custom seed)

3213 Ashen the Scholar of Death (level 9, -6/69 HPs)
             Began as a Demonspawn Necromancer on Oct 30, 2022.
             Was a Follower of Kikubaaqudgha.
             Mangled by a wraith (7 damage)
             ... on level 8 of the Dungeon.
             The game lasted 00:21:46 (9106 turns).

Ashen the Scholar of Death (Demonspawn Necromancer) Turns: 9106, Time: 00:21:47

Health: -6/69      AC: 14    Str:  8    XL:     9   Next: 65%
Magic:  4/17       EV: 14    Int: 20    God:    Kikubaaqudgha [*.....]
Gold:   490        SH:  0    Dex: 15    Spells: 5/19 levels left

rFire   . . .      SeeInvis .   r - +0 rapier (venom)
rCold   . . .      Faith    .   (no shield)
rNeg    . . .      Spirit   .   f - +3 leather armour
rPois   .          Reflect  .   D - +2 hat
rElec   .          Harm     .   s - +0 cloak
rCorr   .          Rampage  .   o - +0 pair of gloves
Will    .....                   (no boots)
Stlth   ++........              E - amulet of the acrobat
HPRegen 0.21/turn               h - +4 ring of protection
MPRegen 0.15/turn               (no ring)

@: flying, very slightly contaminated, slowed, invisible, very slow
A: powered by death 2, sturdy frame 2, weakness stinger 2
a: Renounce Religion, Unearth Wretches


You were on level 8 of the Dungeon.
You worshipped Kikubaaqudgha.
Kikubaaqudgha was aware of your devotion.
You visited 2 branches of the dungeon, and saw 9 of its levels.

You collected 490 gold pieces.

Inventory:

Hand Weapons
 a - a +1 dagger of flaming
 g - a +0 whip of freezing
 k - a +0 whip of pain
 r - a +0 rapier of venom (weapon)
 A - a +4 scimitar of flaming
Missiles
 F - 6 javelins
Armour
 f - a +3 leather armour (worn)
 o - a +0 pair of gloves (worn)
 s - a +0 cloak (worn)
 D - a +2 hat (worn)
Jewellery
 h - a +4 ring of protection (left hand)
 E - an amulet of the acrobat (around neck)
Wands
 b - a wand of acid (6)
 v - a wand of digging (7)
Scrolls
 c - a scroll of magic mapping {unknown}
 d - a scroll of summoning {unknown}
 e - 4 scrolls of amnesia
 i - a scroll of enchant armour {unknown}
 j - 2 scrolls of noise {unknown}
 q - a scroll of torment {unknown}
 t - a scroll of enchant weapon {unknown}
 x - a scroll of vulnerability {unknown}
 y - 2 scrolls of teleportation {unknown}
 z - 2 scrolls of poison {unknown}
 B - a scroll of immolation {unknown}
Potions
 m - a potion of ambrosia
 n - a potion of mutation
 p - 8 potions of curing
 u - a potion of berserk rage
 w - a potion of flight
 C - a potion of brilliance {unknown}


   Skills:
 + Level 5.9 Fighting
 + Level 5.8 Dodging
 - Level 3.0 Stealth
 + Level 5.8 Spellcasting
 - Level 2.0 Hexes
 - Level 5.0 Summonings
 + Level 8.1 Necromancy


You had 5 spell levels left.
You knew the following spells:

 Your Spells              Type           Power      Damage    Failure   Level
a - Anguish               Hex/Necr       13%        N/A       13%         4
b - Vampiric Draining     Necr           38%        2d8       1%          3
c - Animate Dead          Necr           38%        N/A       3%          4
d - Call Canine Familiar  Summ           25%        N/A       4%          3

Your spell library contained the following spells:

 Spells                   Type           Power      Damage    Failure   Level
 Necrotise                Necr           100%       1d9       1%          1
 Summon Small Mammal      Summ           100%       N/A       1%          1
 Summon Guardian Golem    Hex/Summ       19%        N/A       8%          3
 Agony                    Necr           38%        N/A       11%         5
 Tukima's Dance           Hex            13%        N/A       14%         3
 Portal Projectile        Hex/Tloc       18%        N/A       22%         3
 Blade Hands              Tmut           2%         N/A       96%         5
 Irradiate                Conj/Tmut      2%         3d12      96%         5
 Dragon Form              Tmut           2%         N/A       100%        7


Dungeon Overview and Level Annotations

Branches:
Dungeon (8/15)             Temple (1/1) D:5
   Lair: D:8-11

Altars:
Ashenzari
Cheibriados
Dithmenos
Fedhas
Hepliaklqana
Kikubaaqudgha
Nemelex Xobeh
Okawaru
Qazlal
Sif Muna
Trog
Uskayaw
Vehumet
Xom
Yredelemnul

Shops:
D:1 ([*   D:3 *   D:5 :   D:6 *


Innate Abilities, Weirdness & Mutations

You regenerate health from kills.
Your movements are less encumbered by armour. (ER -4)
You have a tail ending in a sharp stinger.


Message History

Your hound's corpse disappears in a puff of smoke!
Casting: Call Canine Familiar (dangerous; 4% risk of failure)
Confirm with . or Enter, or press ? or * to list all spells.
You miscast Call Canine Familiar.
You are very lightly contaminated with residual magic.
Nothing appears to happen.
Unknown command.
Casting: Call Canine Familiar (dangerous; 4% risk of failure)
Confirm with . or Enter, or press ? or * to list all spells.
You miscast Call Canine Familiar.
Nothing appears to happen.
The wraith hits you but does no damage.
The gargoyle hits you but does no damage.
The wraith hits you!
* * * LOW HITPOINT WARNING * * *
The wraith drains your vigour!
You feel as though you will be slow longer.
The gargoyle hits you with a +0 mace.
* * * LOW HITPOINT WARNING * * *
Unknown command.
Casting: Call Canine Familiar (dangerous; 4% risk of failure)
Confirm with . or Enter, or press ? or * to list all spells.
The wraith barely misses you. The gargoyle closely misses you.
The wraith attacks as you move away! The wraith misses you.
Your hound barely misses the wraith.
The wraith completely misses you. The gargoyle hits you with a +0 mace!
* * * LOW HITPOINT WARNING * * *
Your hound completely misses the wraith.
Your hound closely misses the wraith.
Your hound bites the gargoyle but does no damage.
You fade into invisibility!
Your hound bites the gargoyle but does no damage.
The wraith hits you.
* * * LOW HITPOINT WARNING * * *
The wraith drains your vigour!
You feel as though you will be slow longer.
The gargoyle barely misses your hound.
Your hound bites the gargoyle.
The gargoyle hits your hound with a +0 mace!
The wraith hits you!
You die...
Kikubaaqudgha rasps: "You have failed me!
Welcome... death!"

#......................'.....
#.#####(################....#
##.#####.####......###########
#>..........+......+..........
#.######'####......#########..
..........#.........# #..
..........#.........# #..
..........#.........# #..
........[.#.@.......#######..
..........#.W9......##.......
..........#.h.......##.......
........#.[.........++.......
.########.#[..).....##.......
...#.........##.......
#..#####.........##.......
#......)..................
#.#..?.######....######...


You could see a wraith, a gargoyle (unable to see you, ally target) and a
friendly hound (summoned).

Vanquished Creatures
  A meliai (D:8)
  Duvessa (D:4)
  2 ice beasts (D:7)
  An ogre (D:7)
  3 centaurs
  A wyvern zombie (D:7)
  2 scorpions
  3 bullfrogs
  2 necrophages
  2 wights (D:7)
  Dowan (D:4)
  A bullfrog zombie (D:7)
  2 jellies
  3 hounds
  An iguana (D:6)
  7 orc wizards
  2 killer bee zombies (D:7)
  9 adders
  3 gnolls (D:2)
  A white imp (D:8)
  A nameless horror (D:8)
  An ufetubus (D:5)
  2 worms (D:3)
  5 dart slugs
  26 orcs
  7 endoplasms
  4 giant cockroaches
  6 goblins
  8 hobgoblins
  5 kobolds
  2 quokkas (D:1)
  4 ball pythons
  6 bats
  5 frilled lizards
  14 rats
144 creatures vanquished.

Vanquished Creatures (collateral kills)
  Menkaure (D:6)
  3 bullfrogs
  2 wights (D:7)
  2 centaur zombies (D:7)
  2 jellies
  2 iguanas (D:6)
  3 orc wizards
  An adder (D:4)
  A white imp (D:7)
  8 orcs
  A bat (D:1)
  A frilled lizard (D:1)
  A kobold (D:1)
28 creatures vanquished.

Vanquished Creatures (others)
  A deep elf pyromancer (D:8)
  An efreet (D:8)
  3 bullfrog zombies
  A ball python zombie (D:4)
  8 orc zombies
  A withered plant (D:7)
15 creatures vanquished.

Grand Total: 187 creatures vanquished

Notes
Turn   | Place    | Note
-------+----------+-------------------------------------------
     0 | D:1      | Ashen the Demonspawn Necromancer began the quest for the
                  | Orb.
     0 | D:1      | Reached XP level 1. HP: 13/13 MP: 3/3
   134 | D:1      | Found Riotof's Antique Weapon Shop.
   183 | D:1      | Gained mutation: Your movements are slightly less
                  | encumbered by armour. (ER -2) [demonic ancestry]
   183 | D:1      | Reached XP level 2. HP: 19/19 MP: 1/5
   356 | D:1      | Found a faded altar of an unknown god.
   937 | D:1      | Found Vypiut's Assorted Antiques.
   947 | D:1      | Gained mutation: You have a small tail. [demonic ancestry]
   947 | D:1      | Reached XP level 3. HP: 25/25 MP: 4/6
   968 | D:1      | Found Marruhor's Antique Armour Shoppe.
  1237 | D:2      | Reached skill level 1 in Fighting
  1581 | D:2      | Reached XP level 4. HP: 17/32 MP: 3/7
  2264 | D:3      | Learned a level 3 spell: Vampiric Draining
  2269 | D:3      | Learned a level 4 spell: Animate Dead
  2433 | D:3      | Found a blossoming altar of Fedhas.
  2529 | D:3      | Found Deropsou's Assorted Antiques.
  2614 | D:3      | Found a hazy altar of Hepliaklqana.
  2693 | D:3      | Reached skill level 5 in Necromancy
  3036 | D:3      | Gained mutation: You regenerate a little health from kills.
                  | [demonic ancestry]
  3036 | D:3      | Reached XP level 5. HP: 27/38 MP: 1/9
  3734 | D:4      | Noticed Duvessa
  4017 | D:4      | Gained mutation: You regenerate health from kills. [demonic
                  | ancestry]
  4017 | D:4      | Reached XP level 6. HP: 46/46 MP: 10/10
  4407 | D:4      | Noticed Dowan
  4433 | D:4      | Killed Duvessa
  4443 | D:4      | Killed Dowan
  5056 | D:5      | Entered Level 5 of the Dungeon
  5080 | D:5      | Found a staircase to the Ecumenical Temple.
  5089 | Temple   | Entered the Ecumenical Temple
  5240 | Temple   | Became a worshipper of Kikubaaqudgha
  5302 | D:5      | Learned a level 3 spell: Call Canine Familiar
  5337 | D:5      | Reached XP level 7. HP: 28/52 MP: 1/12
  5448 | D:5      | Reached skill level 1 in Summonings
  5448 | D:5      | Reached skill level 6 in Necromancy
  5662 | D:5      | Found a large runed translucent door.
  5664 | D:5      | Found a large runed translucent door.
  5669 | D:5      | Found Neanacku's Book Shoppe.
  5686 | D:5      | Found a radiant altar of Vehumet.
  5771 | D:5      | Found a bloodstained altar of Trog.
  6439 | D:6      | Found Imosk's Fire Supplies.
  6583 | D:6      | Noticed Menkaure
  6591 | D:6      | Killed Menkaure
  6592 | D:6      | Gained mutation: Your movements are less encumbered by
                  | armour. (ER -4) [demonic ancestry]
  6592 | D:6      | Reached XP level 8. HP: 60/60 MP: 10/14
  7001 | D:6      | Found a sparkling altar of Nemelex Xobeh.
  7314 | D:7      | Reached * piety under Kikubaaqudgha
  7314 | D:7      | Received a gift from Kikubaaqudgha
  7326 | D:7      | Learned a level 4 spell: Anguish
  7602 | D:7      | Reached skill level 1 in Hexes
  7602 | D:7      | Reached skill level 7 in Necromancy
  7763 | D:7      | Reached skill level 5 in Spellcasting
  7859 | D:7      | Found a shimmering altar of Xom.
  7860 | D:7      | Found a shimmering altar of Xom.
  7879 | D:7      | Gained mutation: You have a tail ending in a sharp stinger.
                  | [demonic ancestry]
  7879 | D:7      | Reached XP level 9. HP: 63/67 MP: 16/16
  7893 | D:7      | Reached skill level 5 in Fighting
  7893 | D:7      | Reached skill level 5 in Dodging
  7987 | D:7      | Found a shimmering altar of Xom.
  7988 | D:7      | Found a shimmering altar of Xom.
  8083 | D:7      | Noticed a salamander
  8106 | D:7      | Found a shimmering altar of Xom.
  8107 | D:7      | Found a shimmering altar of Xom.
  8107 | D:7      | Found a shimmering altar of Xom.
  8110 | D:7      | Noticed a troll
  8115 | D:7      | Noticed a salamander
  8115 | D:7      | a troll changed into a salamander
  8161 | D:7      | Noticed a mana viper
  8709 | D:8      | Reached skill level 5 in Summonings
  8721 | D:8      | Noticed a meliai
  8721 | D:8      | Noticed an efreet
  8731 | D:8      | Killed a meliai
  8733 | D:8      | Killed an efreet
  9018 | D:8      | Reached skill level 8 in Necromancy
  9072 | D:8      | Noticed a deep elf pyromancer
  9079 | D:8      | Killed a deep elf pyromancer
  9091 | D:8      | Noticed a gargoyle
  9106 | D:8      | HP: 1/69 [wraith (5)]
  9106 | D:8      | Mangled by a wraith

Illustrated notes

Levels and vault maps discovered:
D:1:      lightli_arrival_lavapool, layout_basic, serial_shops, shop_fountains,
          shop, nicolae_shop_trees,
          hellmonk_ecumenical_altar_pennies_from_heaven
D:2:      layout_loops_ring, minmay_hexomino_c4
D:3:      layout_basic, mainiacjoe_overflow_surrounded_room,
          mainiacjoe_overflow_big_doors, serial_shops, shop,
          kennysheep_generic_room_6
D:4:      layout_layer_cave, uniq_duvessa
D:5:      layout_loops_ring, jmf_multi_god_temple2, temple_statues,
          serial_shops, shop
D:6:      layout_cave_pods, nemelex_spade_bored_becter, chequers_jeans,
          nicolae_shop_fire_sale [nicolae_sub_dead_trees],
          hellmonk_bongcloud_opening, item_on_display_a, uniq_menkaure
D:7:      layout_cave_pools, xom_shifter_show, serial_undead, serial_undead_c,
          serial_undead_a, serial_undead_f, serial_undead_a
D:8:      minmay_cut_squares, layout_basic, mainiacjoe_overflow_paths
Temple:   hellmonk_temple_forest_ring

Skill      XL: |  1  2  3  4  5  6  7  8  9 |
---------------+----------------------------+-----
Dodging        | 2 3 4 5 |  5.8
Stealth        | 2 3 |  3.0
Fighting       | 1 2 3 4 5 |  5.9
Necromancy     | 5 6 7 8 |  8.1
Spellcasting   | 3 4 5 |  5.8
Summonings     | 2 4 5 |  5.0
Hexes          | 2 |  2.0

Action                   |  1- 3 |  4- 6 |  7- 9 || total
-------------------------+-------+-------+-------++-------
Melee: Dagger            |    27 |    70 |       ||    97
       Unarmed           |     2 |       |       ||     2
       Tailslap          |     4 |    21 |    37 ||    62
       Rapier            |       |    40 |   231 ||   271
       Punch             |       |     1 |     1 ||     2
 Cast: Necrotise         |    46 |    60 |       ||   106
       Vampiric Draining |       |     5 |    19 ||    24
       Animate Dead      |       |     2 |     7 ||     9
       Call Canine Famil |       |       |    15 ||    15
       Anguish           |       |       |     4 ||     4
  Use: Potion            |     1 |       |     5 ||     6
       Scroll            |       |     3 |     7 ||    10
 Stab: Sleeping          |     4 |     7 |     7 ||    18
       Distracted        |       |       |     4 ||     4
       Invisible         |       |       |     1 ||     1
Armor: Leather armour    |     7 |    49 |   121 ||   177
       Skin              |       |       |     2 ||     2
Dodge: Dodged            |    30 |    75 |   232 ||   337
